 Dungeon Sprint DCSS version 0.30-a0-52-g86a8295270 (webtiles) character file.

Game seed: 14874657647722150937

356 rocky1 the Shooter (level 6, 0/53 HPs)
             Began as a Human Hunter on Sept 7, 2022.
             Was an Initiate of Gozag.
             Slain by a sixfirhy (10 damage)
             ... in the Dungeon (Sprint VII: "The Pits").
             The game lasted 00:03:05 (1162 turns).

rocky1 the Shooter (Human Hunter)                   Turns: 1162, Time: 00:03:07

Health: 0/53       AC:  9    Str: 12    XL:     6   Next: 96%
Magic:  6/6        EV: 13    Int:  9    God:    Gozag
Gold:   837        SH:  0    Dex: 18    Spells: 5/5 levels left

rFire   . . .      SeeInvis .    b - +1 long sword (flame)
rCold   . . .      Faith    .    (no shield)
rNeg    . . .      Spirit   .    o - +3 ring mail
rPois   .          Reflect  .    (no helmet)
rElec   .          Harm     .    (no cloak)
rCorr   .          Rampage  .    (no gloves)
Will    .....      NoTele   +    (no boots)
Stlth   +.........               (no amulet)
HPRegen 0.17/turn                (no ring)
MPRegen 0.10/turn                (no ring)

@: no status effects
A: no striking features
a: Renounce Religion, Potion Petition, Call Merchant, Bribe Branch


You were in the Dungeon.
You worshipped Gozag.
Gozag was pleased with you.
You visited 1 branch You collected 837 gold pieces.

Inventory:

Hand Weapons
 a - a +0 shortbow
 b - a +1 long sword of flaming (weapon)
Armour
 o - a +3 ring mail (worn)
Scrolls
 i - a scroll of blinking
 k - 5 scrolls of amnesia
 l - a scroll of summoning
 m - a scroll of immolation
Potions
 d - 6 potions of curing
 f - a potion of haste
 g - 4 potions of magic
 h - 2 potions of berserk rage
 j - 2 potions of invisibility
 n - 5 potions of heal wounds


   Skills:
 + Level 6.3 Fighting
 + Level 5.9 Long Blades
 + Level 7.5 Ranged Weapons
 + Level 5.9 Armour
 + Level 6.3 Dodging
 - Level 1.0 Stealth


You had 5 spell levels left.
You didn't know any spells.
Your spell library was empty.

Dungeon Overview and Level Annotations

Branches:
Dungeon (1/1)

Altars:
Ashenzari
Cheibriados
Dithmenos
Elyvilon
Fedhas
Gozag
Hepliaklqana
Kikubaaqudgha
Makhleb
Nemelex Xobeh
Okawaru
Qazlal
Ru
Sif Muna
Trog
Uskayaw
Vehumet
Wu Jian
Xom
Yredelemnul
Zin
The Shining One
Jiyva
Lugonu


Message History

The wolf is lightly wounded.
The wolf barely misses you. x2
You slash the wolf! You burn the wolf.
The wolf is severely wounded.
The wolf barely misses you. The wolf bites you but does no damage.
You hit the wolf. You burn the wolf.
The wolf is almost dead.
The wolf closely misses you. The wolf bites you but does no damage.
You slash the wolf! You burn the wolf.
You kill the wolf!
Your Fighting skill increases to level 6!
Your Dodging skill increases to level 6!
You now have enough gold to fund merchants seeking to open stores in the dungeon.
You now have 837 gold pieces (gained 45).
There is an open door, spattered with blood here.
You start resting.
HP restored.
There is an open door, spattered with blood here.
You open the door.
A sixfirhy comes into view.
The sixfirhy closely misses you. The sixfirhy hits you!
The sixfirhy shocks you!
There is an open door, spattered with blood here.
You miss the sixfirhy. Your punch misses the sixfirhy.
The sixfirhy hits you but does no damage.
The sixfirhy misses you. The sixfirhy barely misses you.
The sixfirhy hits you but does no damage.
You slash the sixfirhy! You burn the sixfirhy.
The sixfirhy is heavily wounded.
The sixfirhy hits you. The sixfirhy shocks you!
The sixfirhy hits you but does no damage.
You miss the sixfirhy.
The sixfirhy is heavily wounded.
You closely miss the sixfirhy.
The sixfirhy is heavily wounded.
The sixfirhy hits you!
* * * LOW HITPOINT WARNING * * *
The sixfirhy shocks you!
You die...
Your body crumbles into a pile of gold.

#.#..[).)..##.......#
#.#..))))..##.......#
#'###########.......#
#..#.#.## #########
#.......# ##.#.#.##
#.......#+#
##.#.#.##3+
#.......#@#
##.#.#..'.#
##########


You could see a sixfirhy.

Vanquished Creatures
  A wolf (D)
  2 scorpions (D)
  2 quasits (D)
  2 hounds (D)
  A gnoll (D)
  A white imp (D)
  2 ufetubi (D)
  An adder skeleton (D)
  An endoplasm (D)
  A ball python (D)
  2 frilled lizards (D)
  A rat (D)
17 creatures vanquished.

Notes
Turn   | Place    | Note
-------+----------+-------------------------------------------
     0 | D        | rocky1 the Human Hunter began the quest for the Orb.
     0 | D        | Reached XP level 1. HP: 16/16 MP: 1/1
    25 | D        | Found a bloodstained altar of Trog.
    25 | D        | Found a shimmering blue altar of Sif Muna.
    25 | D        | Found a viscous altar of Jiyva.
    25 | D        | Found a hazy altar of Hepliaklqana.
    25 | D        | Found an opulent altar of Gozag.
    26 | D        | Found a glowing golden altar of the Shining One.
    26 | D        | Found a glowing silver altar of Zin.
    26 | D        | Found a basalt altar of Yredelemnul.
    26 | D        | Found a shimmering altar of Xom.
    26 | D        | Found an ornate altar of the Wu Jian Council.
    26 | D        | Found a sacrificial altar of Ru.
    26 | D        | Found a stormy altar of Qazlal.
    26 | D        | Found an iron altar of Okawaru.
    26 | D        | Found a sparkling altar of Nemelex Xobeh.
    26 | D        | Found a burning altar of Makhleb.
    26 | D        | Found a blossoming altar of Fedhas.
    26 | D        | Found a white marble altar of Elyvilon.
    26 | D        | Found a shadowy altar of Dithmenos.
    26 | D        | Found a snail-covered altar of Cheibriados.
    30 | D        | Found a corrupted altar of Lugonu.
    30 | D        | Found a radiant altar of Vehumet.
    31 | D        | Found a broken altar of Ashenzari.
    31 | D        | Found an ancient bone altar of Kikubaaqudgha.
    31 | D        | Found a hide-covered altar of Uskayaw.
    33 | D        | Became a worshipper of Gozag Ym Sagoz the Greedy
    86 | D        | Reached skill level 1 in Long Blades
    87 | D        | Reached skill level 1 in Armour
   120 | D        | Noticed a scorpion
   125 | D        | Reached XP level 2. HP: 23/23 MP: 2/2
   127 | D        | Killed a scorpion
   128 | D        | Reached skill level 5 in Ranged Weapons
   128 | D        | Reached XP level 3. HP: 28/30 MP: 3/3
   128 | D        | Reached XP level 4. HP: 34/37 MP: 4/4
   515 | D        | Noticed a scorpion
   556 | D        | Reached XP level 5. HP: 19/43 MP: 5/5
   755 | D        | Reached skill level 5 in Fighting
   755 | D        | Reached skill level 6 in Ranged Weapons
   755 | D        | Reached skill level 5 in Dodging
   976 | D        | Reached XP level 6. HP: 48/51 MP: 6/6
   988 | D        | Reached skill level 5 in Long Blades
   988 | D        | Reached skill level 5 in Armour
   998 | D        | Reached skill level 7 in Ranged Weapons
  1067 | D        | Noticed a wolf
  1075 | D        | Killed a wolf
  1157 | D        | Noticed a sixfirhy
  1162 | D        | Slain by a sixfirhy

Illustrated notes

Levels and vault maps discovered:
D:        pitsprint [storerooms_1, entrance_room_1, metal_vault_3, armoury_2,
          mini_pit_1, grid_room_1, main_hall_1, silver_pit, the_coven_1,
          the_vestibule_1, steel_vault_3, golden_pit, hallway_of_sentries,
          crystal_vault_6, iron_vault_3, final_vault]

Skill      XL: |  1  2  3  4  5  6 |
---------------+-------------------+-----
Long Blades    | 1 3 4 5 |  5.9
Armour         | 1 3 4 5 |  5.9
Fighting       | 3 4 5 6 |  6.3
Ranged Weapons | 5 6 7 |  7.5
Dodging        | 3 4 5 6 |  6.3
Stealth        | |  1.0

Action                   |  1- 3 |  4- 6 || total
-------------------------+-------+-------++-------
Melee: Falchion          |    12 |    16 ||    28
       Punch             |     1 |     1 ||     2
       Long sword        |       |    39 ||    39
 Fire: Shortbow          |    10 |     8 ||    18
  Use: Potion            |     1 |     1 ||     2
Armor: Leather armour    |     2 |     3 ||     5
       Ring mail         |       |    35 ||    35
Dodge: Dodged            |    11 |    68 ||    79

Table legend: (Time is in decaauts)
 A = Elapsed time spent in this place.
 B = Non-inter-level travel time spent in this place.
 C = Inter-level travel time spent in this place.
 D = Time resting spent in this place.
 E = Time spent auto-exploring this place.
 F = Levels seen in this place.
 G = Mean time per level.
                   A        B        C        D        E       F      G
               +--------+--------+--------+--------+--------+-----+--------+
         Total |   1186 |   1186 |      0 |    846 |      0 |   1 | 1186.0 |
       Dungeon |   1186 |   1186 |      0 |    846 |      0 |   1 | 1186.0 |
               +--------+--------+--------+--------+--------+-----+--------+

Top non-repeatable levels by time:
       D: 1186 daAuts
